Unix NetHack Version 5.0.0-0 post-release - last build May 23 2026 06:08:33 (1c0ff79ee797540d5714e4e18072db0edd9e58ae,branch:main).

Game began 2026-05-26 04:06:02, ended 2026-05-26 04:22:42.

Brudee, neutral female human Tourist

            -------------
            |...........|
            |........%...###   ------------
           #............|######-....%.....|                ##
           #|............#     |>.....)....#################
           #|...........|#     ---.--+--.--#             ####)
           #-------------         #                         -@-
           #                      #                         |o..
           #                      ##                        |.....
           #                      #                          ......|
           #                     ##                         |.......
           #                      #                 |       --------
           #                     ###            .$..|           ##
 ----------#                      #                 |       #####
 |........|#             -------)-|------                 ###
 |.......^|#             |...<..........|                ##
 |.........#             |..............|#################
 |.......(|              +..............-#
 ----------              ----------------

Brudee the Sightseer        St:13 Dx:12 Co:16 In:10 Wi:9 Ch:15  Neutral S:817
Dlvl:5  $:427 HP:0(36) Pw:12(12) AC:10 Xp:4/119 T:1737 

Latest messages:
 You stop eating the food ration.
 What do you want to eat? [b-fqL or ?*] b
 This food really hits the spot!
 You stop eating the food ration.
 In what direction? n
 You kill the hill orc!
 The hill orc picks up a blessed +2 dart.
 In what direction? n
 The dart hits the hill orc!
 In what direction? n
 The dart hits the hill orc.
 The hill orc hits!
 Shaggy bites the hill orc.
 Shaggy misses the hill orc.
 In what direction? n
 You kill the hill orc!
 Shaggy picks up a gold piece.
 $ - 42 gold pieces (394 in total).
 a - 2 blessed +2 darts (at the ready) (18 in total).
 Shaggy drops a gold piece.
 Shaggy picks up a gold piece.
 The hill orc wields a crude dagger!
 Shaggy drops a gold piece.
 Shaggy misses the hill orc.
 $ - 32 gold pieces (426 in total).
 a - 2 blessed +2 darts (at the ready) (20 in total).
 N - a curved wand.
 a - a blessed +2 dart (at the ready) (21 in total).
 Shaggy bites the hill orc.
 The hill orc is killed!
 $ - a gold piece (427 in total).
 Shaggy eats a hill orc corpse.
 In what direction? h
 The dart hits the orc zombie!
 In what direction? h
 You destroy the orc zombie!
 a - 2 blessed +2 darts (at the ready) (21 in total).
 You see here an orc corpse.
 Shaggy bites it.
 Shaggy eats a hill orc corpse.
 You find a hidden passage.
 The hill orc throws a crude dagger!
 You are hit by a crude dagger.
 The hill orc hits!
 In what direction? j
 The dart hits the hill orc.
 The hill orc hits!
 You die...
 Do you want your possessions identified? [ynq] (y) y
 Do you want to see your attributes? [ynq] (y) q

Inventory:
 Coins    ('$')
  $ - 427 gold pieces
 Weapons  (')')
  a - 20 blessed +2 darts (at the ready)
  G - a rusty +0 dart
 Armor    ('[')
  k - an uncursed +0 Hawaiian shirt with a sea turtle motif (being worn)
 Comestibles  ('%')
  c - an uncursed slime mold
  d - an uncursed clove of garlic
  b - 7 uncursed food rations
  L - an uncursed partly eaten food ration
  M - an uncursed partly eaten food ration
  f - an uncursed lembas wafer
  e - 2 uncursed tripe rations
  q - 2 uncursed lichen corpses
 Scrolls  ('?')
  n - an uncursed scroll of blank paper
  F - an uncursed scroll of confuse monster
  w - a cursed scroll of confuse monster
  E - a blessed scroll of destroy armor
  x - an uncursed scroll of enchant armor
  C - an uncursed scroll of fire
  i - 3 blessed scrolls of magic mapping
  s - an uncursed scroll of remove curse
  D - an uncursed scroll of teleportation
 Spellbooks  ('+')
  o - an uncursed spellbook of healing
  t - an uncursed spellbook of healing
 Potions  ('!')
  K - an uncursed potion of blindness
  H - a blessed potion of confusion
  r - an uncursed potion of fruit juice
  u - an uncursed potion of gain energy
  y - an uncursed potion of invisibility
  A - an uncursed potion of restore ability
  v - an uncursed potion of speed
  z - an uncursed potion of water
 Rings    ('=')
  I - an uncursed ring of levitation
 Wands    ('/')
  N - a wand of teleportation (0:7)
 Tools    ('(')
  m - an uncursed credit card
  l - an expensive camera (0:82)
  J - an uncursed figurine of an incubus
 Gems/Stones  ('*')
  p - an uncursed worthless piece of white glass

Brudee the Tourist's attributes:

Background:
 You were a Sightseer, a level 4 female human Tourist.
 You were neutral, nominally on a mission for The Lady
 who was opposed by Blind Io (lawful) and Offler (chaotic).
 You were right-handed.
 You were in the Dungeons of Doom, on level 5.
 You entered the dungeon 1737 turns ago.
 It was nighttime.
 You had 119 experience points, 41 more were needed to attain level 5.
 Your score was 817 before end-of-game adjustments.

Basics:
 You had 0 out of 36 hit points.
 You had all 12 energy points (spell power).
 Your armor class was 10.
 Your wallet contained 427 zorkmids.
 Autopickup was on for '$!=+?/"' plus thrown.

Final Characteristics:
 Your strength was 13 (limit:18/100).
 Your dexterity was 12 (limit:18).
 Your constitution was 16 (limit:18).
 Your intelligence was 10 (limit:18).
 Your wisdom was 9 (limit:18).
 Your charisma was 15 (limit:18).

Final Status:
 You weren't hungry.
 You were unencumbered.
 You were bare handed.
 You were unskilled in bare handed combat.

Final Attributes:
 You were devoutly aligned.
 You are dead.

Miscellaneous:
 You didn't encounter any bones levels.
 Total elapsed playing time was 16 minutes and 38 seconds.

Major events:
 Turn
    1: Brudee the neutral female human Tourist entered the dungeon
 1051: attained the rank of Sightseer (level 3)
 1737: killed by a hill orc

You didn't know any spells.

Skills:
 Fighting Skills
   bare handed combat [Unskilled]
   two weapon combat  [Unskilled]
   riding             [Unskilled]
 Weapon Skills
   dagger             [Unskilled]
   knife              [Unskilled]
   axe                [Unskilled]
   pick-axe           [Unskilled]
   short sword        [Unskilled]
   broadsword         [Unskilled]
   long sword         [Unskilled]
   two-handed sword   [Unskilled]
   saber              [Unskilled]
   mace               [Unskilled]
   morning star       [Unskilled]
   flail              [Unskilled]
   hammer             [Unskilled]
   quarterstaff       [Unskilled]
   polearms           [Unskilled]
   spear              [Unskilled]
   trident            [Unskilled]
   lance              [Unskilled]
   bow                [Unskilled]
   sling              [Unskilled]
   crossbow           [Unskilled]
   dart               [Basic]
   shuriken           [Unskilled]
   boomerang          [Unskilled]
   whip               [Unskilled]
   unicorn horn       [Unskilled]
 Spellcasting Skills
   divination spells  [Unskilled]
   enchantment spells [Unskilled]
   escape spells      [Unskilled]

Voluntary challenges:
 Character rerolling was not enabled.
 You followed a strict vegan diet.
 You were an atheist.
 You never hit with a wielded weapon.
 You never genocided any monsters.
 You never polymorphed an object.
 You never changed form.
 You used no wishes.
Achievement:
 You attained the rank of Sightseer.

 The Dungeons of Doom: levels 1 to 5
    Level 1:
       Some fountains.
    Level 2:
       A fountain, a grave.
    Level 3:
    Level 4:
       Some fountains, a grave.
    Level 5: <- You were here.
       Final resting place for
          you, killed by a hill orc.


Vanquished creatures:
  2 giant ants
  5 hill orcs
  2 orc zombies
 an iguana
 an acid blob
  2 coyotes
  a large kobold
  a giant rat
  a cave spider
  a yellow mold
  4 geckos
  6 jackals
  a fox
  3 kobolds
  4 grid bugs
  a bat
  3 lichens
  a kobold zombie
  a newt
41 creatures vanquished.

No species were genocided or became extinct.

Game over:
                       ----------
                      /          \
                     /    REST    \
                    /      IN      \
                   /     PEACE      \
                  /                  \
                  |      Brudee      |
                  |      427 Au      |
                  | killed by a hill |
                  |       orc        |
                  |                  |
                  |                  |
                  |       2026       |
                 *|     *  *  *      | *
        _________)/\\_//(\/(/\)/\//\/|_)_______

Aloha Brudee the Tourist...

You died in The Dungeons of Doom on dungeon level 5 with 803 points,
and 427 pieces of gold, after 1737 moves.
You were level 4 with a maximum of 36 hit points when you died.

